Map: Dusk Towers

Players

cHuT - Winner!

  • Race: Terran Terran

Arranion

  • Race: Zerg Zerg
  • League: Platinum

VOD

Have the link to the VOD?

Description

Time

  • Played on: April 9, 2016, 4:37 p.m.
  • Length: 17:30
Show
View Real Time Build Order
Export as new Build Order

cHuT Terran - Winner!

Build Orders: Reaper Expand, MMM Bio 

Get SALT Encoding   

  12  0:00  SCV  
  13  0:13  SCV  
  14  0:18  Supply Depot  
  14  0:25  SCV  
  15  0:39  SCV  
  15  0:41  Barracks  
  16  0:46  Refinery  
  16  0:52  SCV  
  17  1:04  SCV  
  18  1:16  SCV  
  19  1:29  Orbital Command  
  19  1:30  Reaper  
  20  1:46  Command Center  
  20  1:58  Supply Depot  
  20  1:59  SCV  
  21  2:07  Barracks Reactor  
  21  2:11  SCV  
  21  2:13  Refinery  
  22  2:23  SCV  
  22  2:26  Factory  
  23  2:41  SCV  
  23  2:43  Marine x2  
  26  2:53  SCV  
  26  2:58  Orbital Command, Supply Depot  
  27  3:01  Marine x2  
  27  3:05  SCV  
  30  3:16  Starport  
  30  3:17  SCV  
  30  3:18  Factory Tech Lab  
  30  3:19  Marine x2  
  33  3:26  SCV  
  34  3:29  SCV  
  35  3:36  Supply Depot  
  35  3:37  Marine x2  
  35  3:38  SCV  
  35  3:39  Siege Tank  
  41  3:43  SCV  
  42  3:50  SCV  
  42  3:55  Marine x2  
  45  3:56  SCV  
  45  3:59  Medivac  
  45  4:02  SCV  
  48  4:08  SCV, Supply Depot  
  49  4:21  SCV x2, Factory Tech Lab  
  51  4:25  Command Center  
  51  4:29  Viking  
  53  4:33  SCV x2  
  55  4:39  Marine  
  55  4:40  Stimpack  
  55  4:41  Siege Tank  
  55  4:45  SCV x2  
  61  4:53  Barracks  
  61  4:55  Barracks  
  61  4:57  SCV x2  
  63  5:04  Supply Depot  
  63  5:05  Marine  
  64  5:09  SCV x2  
  63  5:21  SCV x2  
  63  5:23  Marine  
  65  5:32  Refinery x2  
  65  5:33  SCV x2, Engineering Bay  
  65  5:34  Starport Reactor  
  65  5:35  Engineering Bay  
  67  5:41  Marine, Orbital Command, Barracks  
  68  5:43  Marine x2, Barracks  
  68  5:48  SCV x2  
  72  5:53  Factory Reactor  
  72  5:58  Supply Depot  
  72  5:59  Combat Shields, Marine  
  72  6:00  SCV x2  
  72  6:02  Terran Infantry Weapons Level 1  
  75  6:04  Terran Infantry Armor Level 1  
  75  6:08  Orbital Command  
  76  6:12  SCV  
  76  6:16  Marine  
  76  6:17  Marauder, Marine  
  80  6:18  Medivac x2  
  80  6:22  SCV  
  80  6:24  SCV  
  86  6:40  Marauder x2, Marine x2  
  86  6:41  Barracks Tech Lab, Barracks Reactor  
  86  6:42  Liberator  
  86  6:43  Barracks Reactor  
  86  6:45  SCV x3  
  95  6:49  Supply Depot  
  95  6:50  Supply Depot  
  95  6:52  Concussive Shells  
  95  6:55  Liberator  
  95  6:57  SCV x2  
  100  7:04  SCV, Refinery x2  
  100  7:08  Supply Depot  
  101  7:09  SCV, Widow Mine x2, Supply Depot x2  
  101  7:10  Marine x4  
  113  7:17  Marine x2  
  113  7:19  SCV  
  116  7:24  Armory  
  116  7:27  Marine  
  117  7:30  Marine x3  
  117  7:32  Marauder  
  117  7:33  Marauder  
  124  7:42  Liberator x2  
  124  7:45  Marine x3  
  127  7:54  Marauder x2  
  127  7:58  Widow Mine x2  
  131  8:00  Missile Turret  
  131  8:02  Missile Turret x2  
  131  8:03  Marine x2  
  131  8:04  Marine x4  
  145  8:09  Command Center  
  144  8:13  Terran Infantry Weapons Level 2  
  144  8:15  Marine x2  
  146  8:23  Marine  
  146  8:24  Marine x2  
  146  8:25  Terran Infantry Armor Level 2  
  149  8:29  Supply Depot  
  149  8:30  Supply Depot  
  149  8:34  Liberator  
  149  8:35  Liberator  
  149  8:39  Marine  
  149  8:43  Marine x2  
  149  8:51  Marine x5  
  160  8:57  Marine  
  160  9:02  Marauder, Marine  
  163  9:08  Marine  
  164  9:13  Marauder  
  160  9:18  Marine x4  
  160  9:20  Marine  
  160  9:23  Marauder  
  161  9:28  Marine  
  162  9:35  Marauder  
  164  9:40  Marine x5  
  164  9:45  Marauder  
  170  9:47  Barracks  
  170  9:49  Barracks  
  170  9:50  Barracks  
  170  9:51  Barracks  
  162  9:56  Marauder  
  162  10:00  Marine x6  
  162  10:06  Marauder  
  152  10:17  Marine  
  152  10:18  Marauder  
  155  10:26  Marine x3  
  155  10:27  Marauder, Marine x2  
  145  10:32  Medivac x2, Widow Mine x2  
  153  10:35  Marine  
  153  10:36  Starport, Barracks Tech Lab  
  153  10:37  Refinery  
  153  10:38  Barracks Tech Lab x3  
  153  10:39  Marauder  
  156  10:47  Marine x3  
  156  10:48  Marine x2  
  156  10:49  Marauder  
  160  10:56  Planetary Fortress  
  160  11:00  Marauder  
  162  11:08  Marine x6  
  162  11:10  Marauder  
  170  11:11  Medivac  
  170  11:17  Starport  
  172  11:22  Marauder  
  174  11:25  Medivac  
  174  11:30  Missile Turret  
  174  11:32  Refinery  
  176  11:41  Medivac  
  178  11:49  Marauder  
  180  11:54  Supply Depot  
  180  11:55  Marine x2, Supply Depot  
  180  11:56  Marauder x3, Marine  
  180  11:57  Marine  
  188  12:10  Terran Infantry Armor Level 3, Terran Infantry Weapons Level 3  
  188  12:11  Marauder  
  188  12:15  Marine x2  
  188  12:16  Marauder x2  
  188  12:20  Liberator x3  
  176  12:32  Marine x4  
  180  12:37  Ghost Academy  
  180  12:41  Starport  
  180  12:44  Fusion Core  
  187  13:08  Liberator x4  
  187  13:09  Marauder x2  
  187  13:10  Marauder x3, Marine  
  187  13:11  Marine x5  
  164  13:22  Marine  
  164  13:27  Command Center  
  143  13:28  Command Center, Marine  
  141  13:46  Widow Mine x2  
  143  13:53  Marine x7  
  146  14:04  Marine x5  
  146  14:08  Medivac x4  
  156  14:11  Marine  
  156  14:15  Supply Depot  
  153  14:41  Medivac  
  153  14:42  Medivac, Starport Tech Lab x2  
  157  14:48  Liberator x2  
  157  14:57  Marine x12  
  169  15:03  Advanced Ballistics  
  175  15:14  Planetary Fortress  
  175  15:23  Marauder x2  
  175  15:24  Marauder x3, Marine x5  
  190  15:45  Missile Turret  
  190  15:46  Missile Turret x2  
  190  15:47  Missile Turret x2  
  190  15:55  Liberator x3, Planetary Fortress  
  190  16:08  Missile Turret  
  190  16:10  Missile Turret  
  190  16:12  Missile Turret  
  199  16:28  Command Center  
  155  16:46  Marine x5  
  144  16:47  Marine  
  144  16:48  Marauder x4  
  140  17:03  Marauder x2  
  150  17:09  Marauder  
Show
View Real Time Build Order
Export as new Build Order

Arranion Zerg 

Build Orders: Hatch First 

Get SALT Encoding   

  12  0:01  Drone  
  13  0:13  Overlord  
  13  0:19  Drone  
  14  0:32  Drone x2  
  16  0:36  Drone  
  17  0:54  Hatchery  
  17  0:57  Drone  
  17  1:09  Spawning Pool  
  16  1:13  Drone  
  17  1:19  Extractor  
  17  1:22  Drone  
  17  1:23  Drone  
  18  1:29  Drone  
  19  1:43  Drone  
  20  1:50  Overlord  
  20  1:58  Queen  
  22  2:08  Zergling x4  
  24  2:09  Queen  
  26  2:16  Zergling x2  
  26  2:20  Drone  
  26  2:22  Metabolic Boost  
  28  2:25  Drone  
  28  2:39  Drone  
  28  2:40  Drone x2  
  31  2:53  Drone  
  31  2:54  Drone  
  33  3:04  Drone x2  
  34  3:18  Drone  
  35  3:20  Overlord x3  
  35  3:37  Queen  
  37  3:44  Hatchery  
  36  3:49  Roach Warren  
  36  3:55  Drone x6  
  37  3:56  Drone x2  
  43  4:13  Lair  
  43  4:16  Extractor  
  42  4:27  Spore Crawler  
  42  4:28  Spore Crawler  
  42  4:29  Drone  
  42  4:30  Drone x5  
  46  4:47  Roach  
  46  4:48  Roach x3  
  54  5:06  Drone  
  55  5:07  Drone x6  
  55  5:12  Extractor x2  
  59  5:17  Roach x3  
  60  5:35  Spire  
  59  5:37  Overlord  
  59  5:38  Overlord x4  
  59  5:46  Glial Reconstitution  
  59  6:00  Drone x9  
  68  6:10  Evolution Chamber x2  
  66  6:13  Roach x3  
  66  6:14  Roach  
  66  6:17  Drone  
  66  6:18  Drone x2  
  77  6:19  Drone x3  
  77  6:22  Overlord  
  79  6:42  Extractor  
  79  6:43  Extractor  
  77  6:56  Mutalisk x4  
  85  7:01  Drone  
  85  7:02  Drone x8  
  85  7:07  Spore Crawler  
  93  7:10  Spine Crawler  
  93  7:15  Zerg Flyer Armor Level 1  
  92  7:23  Mutalisk x2  
  96  7:42  Zerg Missile Weapons Level 1, Zerg Ground Armor Level 1  
  96  7:52  Overlord  
  96  7:53  Overlord x7  
  96  7:54  Overlord  
  96  8:13  Roach  
  96  8:14  Roach x13  
  96  8:16  Ravager x2  
  96  8:17  Ravager  
  127  8:22  Drone  
  127  8:23  Hatchery, Drone x6  
  133  8:38  Roach  
  133  8:39  Roach x5  
  145  8:51  Roach  
  145  8:52  Roach x7  
  145  8:53  Roach  
  165  8:55  Ravager x4  
  161  9:23  Roach  
  161  9:24  Roach x7  
  169  9:30  Overlord x5  
  169  9:31  Overlord x3  
  163  9:38  Ravager x4  
  163  9:39  Ravager x2  
  146  10:01  Corruptor  
  146  10:02  Corruptor x3  
  150  10:14  Corruptor  
  150  10:30  Queen  
  152  10:36  Drone x13  
  152  10:37  Drone x4  
  169  10:46  Corruptor x2  
  173  10:52  Zerg Missile Weapons Level 2  
  173  10:56  Zerg Ground Armor Level 2  
  170  11:26  Overseer x2  
  168  12:14  Roach  
  168  12:15  Roach x17  
  193  12:30  Overseer  
  193  12:50  Hatchery  
  139  13:20  Roach x3  
  139  13:21  Roach x12  
  111  14:05  Hatchery  
  106  14:20  Corruptor x7  
  106  14:21  Corruptor x2  
  124  14:27  Infestation Pit, Zerg Flyer Weapons Level 1  
  123  14:37  Roach  
  123  14:38  Roach x2  
  129  14:39  Ravager x3  
  129  14:40  Ravager x5  
  129  14:44  Extractor  
  135  14:47  Extractor, Roach  
  135  14:48  Roach x7  
  150  15:02  Zergling x2  
  150  15:04  Roach x4  
  150  15:05  Roach x2  
  163  15:09  Hatchery, Hive  
  162  15:18  Roach x4  
  170  15:32  Roach x2  
  170  15:33  Roach x8  
  190  15:43  Ravager x4  
  190  15:44  Ravager x2  
  190  15:45  Roach  
  117  16:44  Hatchery  
  117  16:46  Roach x2  
  117  16:47  Roach x21  
Tags
 
Add a new tag
Caveats
  • Supply blocks, unpowered buildings, or Contaminate may cause inaccurate times.
  • Supply counts are checked every 10 seconds.